BSA
ORLANDO CALRISSIAN @ IRVINE GANG GREEN
04/29/2028
 
TOP OF THE 1ST
Orlando Calrissian batting - Pitching for Irvine Gang Green : RHP Jung Chwa
Pitching: RHP Jung Chwa
Batting: RHB José Pérez 0-0: Foul Ball, location: 2F
0-1: Ball
1-1: Ground out 1-3 (Groundball, 13S)
Batting: SHB Cristo Ontiveros 0-0: SINGLE (Line Drive, 4M)
Batting: RHB Rich Anderson 0-0: Called Strike
0-1: Foul Ball, location: 2F
0-2: Ball
1-2: Foul Ball, location: 2F
1-2: Ball
2-2: Fly out, F6 (Line Drive, 56D)
Batting: SHB Tim Abbott 0-0: Ball
1-0: Ball
2-0: Called Strike
2-1: Swinging Strike
2-2: Strikes out swinging
Top of the 1st over - 0 run(s), 1 hit(s), 0 error(s), 1 left on base; Orlando 0 - Irvine 0
BOTTOM OF THE 1ST
Irvine Gang Green batting - Pitching for Orlando Calrissian : RHP Jorge Jiménez
Pitching: RHP Jorge Jiménez
Batting: RHB Tom Doherty 0-0: Called Strike
0-1: Ball
1-1: Ball
2-1: Foul Ball, location: 2F
2-2: Foul Ball, location: 2F
2-2: SINGLE (Line Drive, 6M)
Batting: RHB Buck Jones 0-0: Foul Ball, location: 2F
0-1: Ball
1-1: Ball
2-1: TRIPLE (Flyball, 9LD)
Tom Doherty scores
Batting: LHB José Sánchez 0-0: Foul Ball, location: 2F
0-1: Ball
1-1: Swinging Strike
1-2: Ball
2-2: Ball
Wild Pitch!
Buck Jones scores
3-2: Foul Ball, location: 2F
3-2: Ground out 1-3 (Groundball, P)
Batting: RHB Eichiro Yamamoto 0-0: Called Strike
0-1: Fly out, F5 (Line Drive, 56)
Batting: LHB Víctor Quiñones 0-0: Ball
1-0: Foul Ball, location: 2F
1-1: Swinging Strike
1-2: Foul Ball, location: 2F
1-2: Foul Ball, location: 2F
1-2: DOUBLE (Flyball, 7LD)
Batting: RHB José Salazar 0-0: Reached on error, E9 (Flyball, 9D)
Víctor Quiñones scores
Batting: LHB Jorge Martínez 0-0: Ball
1-0: Foul Ball, location: 2F
1-1: Foul Ball, location: 2F
1-2: Ball
2-2: Foul Ball, location: 2F
2-2: Foul Ball, location: 2F
2-2: Foul Ball, location: 2F
2-2: SINGLE (Flyball, 7S)
José Salazar to third
Runner from 3rd tries for Home, SAFE, no throw
Batting: RHB Aaron Wilson 0-0: Ball
1-0: Swinging Strike
1-1: Fly out, F9 (Flyball, 89S)
Bottom of the 1st over - 4 run(s), 4 hit(s), 1 error(s), 1 left on base; Orlando 0 - Irvine 4
TOP OF THE 2ND
Orlando Calrissian batting - Pitching for Irvine Gang Green : RHP Jung Chwa
Batting: LHB Santiago Márquez 0-0: Ball
1-0: Called Strike
1-1: Foul Ball, location: 2F
1-2: Ball
2-2: Foul Ball, location: 2F
2-2: Ball
3-2: SOLO HOME RUN (Flyball, 9D), Distance : 427 ft
Batting: RHB Frederico Hernández 0-0: Ball
1-0: Ball
2-0: Called Strike
2-1: Ball
3-1: Called Strike
3-2: Ground out 6-3 (Groundball, 6)
Batting: RHB Júlio Negrón 0-0: Called Strike
0-1: Foul Ball, location: 2F
0-2: Ball
1-2: Ball
2-2: Ground out 1-3 (Groundball, P)
Batting: SHB Brian Price 0-0: Called Strike
0-1: Fly out, F8 (Flyball, 8LS)
Top of the 2nd over - 1 run(s), 1 hit(s), 0 error(s), 0 left on base; Orlando 1 - Irvine 4
BOTTOM OF THE 2ND
Irvine Gang Green batting - Pitching for Orlando Calrissian : RHP Jorge Jiménez
Batting: LHB Tony Tavárez 0-0: Called Strike
0-1: Ball
1-1: Ball
2-1: Foul Ball, location: 2F
2-2: Ball
3-2: Base on Balls
Batting: RHB Tom Doherty 0-0: Called Strike
0-1: Ball
1-1: Ball
2-1: Ball
3-1: Foul Ball, location: 2F
3-2: SINGLE (Groundball, 6MD)
Tony Tavárez to second
Tony Tavárez to third
Batting: RHB Buck Jones 0-0: Ball
1-0: Swinging Strike
1-1: Ball
2-1: Ball
3-1: Base on Balls
Tom Doherty to second
Batting: LHB José Sánchez 0-0: Grounds out, U3 (Groundball, 3L)
Tony Tavárez scores
Tom Doherty to third
Batting: RHB Eichiro Yamamoto 0-0: Fly out, F9 (Flyball, 9LM)
Batting: LHB Víctor Quiñones 0-0: Ball
1-0: Foul Ball, location: 2F
1-1: Ball
2-1: Foul Ball, location: 2F
2-2: SINGLE (Groundball, 4D)
Tom Doherty scores
Buck Jones to third
Runner from 3rd tries for Home, SAFE, no throw
Pitching: RHP Dave Heath
Batting: RHB José Salazar 0-0: Ball
1-0: Ball
2-0: Ball
3-0: Called Strike
3-1: SINGLE (Groundball, 6MD)
Víctor Quiñones to second
Batting: LHB Jorge Martínez 0-0: Called Strike
0-1: Ball
1-1: Foul Ball, location: 2F
1-2: Foul Ball, location: 2F
1-2: Ball
2-2: Ball
3-2: Fly out, F9 (Flyball, 9S)
Bottom of the 2nd over - 3 run(s), 3 hit(s), 0 error(s), 2 left on base; Orlando 1 - Irvine 7
TOP OF THE 3RD
Orlando Calrissian batting - Pitching for Irvine Gang Green : RHP Jung Chwa
Batting: RHB Jesús Gonzáles 0-0: Called Strike
0-1: Hit by Pitch
Batting: RHB José Pérez 0-0: Swinging Strike
0-1: Called Strike
Jesús Gonzáles steals 2nd base
0-2: Ball
1-2: Foul Ball, location: 2F
1-2: Fly out, F8 (Flyball, 8LM)
Batting: SHB Cristo Ontiveros 0-0: Ball
1-0: Called Strike
1-1: Called Strike
Jesús Gonzáles is caught stealing 3rd base
1-2: Foul Ball, location: 2F
1-2: Ball
2-2: Ball
3-2: Foul Ball, location: 2F
3-2: DOUBLE (Flyball, 78D)
Batting: RHB Rich Anderson 0-0: Ball
1-0: Called Strike
1-1: Foul Ball, location: 2F
1-2: Ball
2-2: Ball
3-2: Strikes out swinging
Top of the 3rd over - 0 run(s), 1 hit(s), 0 error(s), 1 left on base; Orlando 1 - Irvine 7
BOTTOM OF THE 3RD
Irvine Gang Green batting - Pitching for Orlando Calrissian : RHP Dave Heath
Batting: RHB Aaron Wilson 0-0: Called Strike
0-1: Ground out 5-3 (Groundball, 56)
Batting: LHB Tony Tavárez 0-0: Foul Ball, location: 2F
0-1: Ball
1-1: Ball
2-1: Foul Ball, location: 2F
2-2: Ball
3-2: Base on Balls
Batting: RHB Tom Doherty 0-0: Ball
1-0: Foul Ball, location: 2F
1-1: Grounds into double play, 4-6-3 (Groundball, 4)
Bottom of the 3rd over - 0 run(s), 0 hit(s), 0 error(s), 0 left on base; Orlando 1 - Irvine 7
TOP OF THE 4TH
Orlando Calrissian batting - Pitching for Irvine Gang Green : RHP Jung Chwa
Batting: SHB Tim Abbott 0-0: Ball
1-0: SINGLE (Line Drive, 7LM)
Batting: LHB Santiago Márquez 0-0: Called Strike
Balk!
Tim Abbott to second
0-1: Ball
1-1: Fly out, F7 (Flyball, 7LSF)
Batting: RHB Frederico Hernández 0-0: Ball
1-0: Fly out, F8 (Line Drive, 8LS)
Batting: RHB Júlio Negrón 0-0: Fly out, F9 (Flyball, 9LMF)
Top of the 4th over - 0 run(s), 1 hit(s), 0 error(s), 1 left on base; Orlando 1 - Irvine 7
BOTTOM OF THE 4TH
Irvine Gang Green batting - Pitching for Orlando Calrissian : RHP Dave Heath
Batting: RHB Buck Jones 0-0: Called Strike
0-1: Ball
1-1: Foul Ball, location: 2F
1-2: Ball
2-2: Foul Ball, location: 2F
2-2: Fly out, F8 (Flyball, 8RM)
Batting: LHB José Sánchez 0-0: Called Strike
0-1: Ball
1-1: DOUBLE (Flyball, 7LM)
Batting: RHB Eichiro Yamamoto 0-0: Ball
1-0: Called Strike
1-1: Fly out, F8 (Flyball, 78XD)
Runner from 2nd tags up, SAFE at 3rd, no throw
Batting: LHB Víctor Quiñones 0-0: Ball
1-0: Foul Ball, location: 2F
1-1: Foul Ball, location: 2F
1-2: Ball
2-2: Ball
3-2: Base on Balls
Batting: RHB José Salazar 0-0: SINGLE (Line Drive, 8LS)
José Sánchez scores
Víctor Quiñones to second
Batting: LHB Jorge Martínez 0-0: Called Strike
0-1: Ball
1-1: Ball
2-1: SINGLE (Line Drive, 6MD)
Víctor Quiñones to third
José Salazar to second
Batting: RHB Aaron Wilson 0-0: Ball
1-0: Swinging Strike
1-1: Ground out 4-3 (Groundball, 4M)
Bottom of the 4th over - 1 run(s), 3 hit(s), 0 error(s), 3 left on base; Orlando 1 - Irvine 8
TOP OF THE 5TH
Orlando Calrissian batting - Pitching for Irvine Gang Green : RHP Jung Chwa
Batting: SHB Brian Price 0-0: Ball
1-0: Called Strike
1-1: Swinging Strike
1-2: Ball
2-2: Ball
3-2: Strikes out looking
Batting: RHB Jesús Gonzáles 0-0: Fly out, F9 (Line Drive, 9)
Batting: RHB José Pérez 0-0: Swinging Strike
0-1: Called Strike
0-2: Ball
1-2: Foul Ball, location: 2F
1-2: Foul Ball, location: 2F
1-2: Ground out 4-3 (Groundball, 4)
Top of the 5th over - 0 run(s), 0 hit(s), 0 error(s), 0 left on base; Orlando 1 - Irvine 8
BOTTOM OF THE 5TH
Irvine Gang Green batting - Pitching for Orlando Calrissian : RHP Dave Heath
Batting: LHB Tony Tavárez 0-0: Ball
1-0: Ball
2-0: Called Strike
2-1: Foul Ball, location: 2F
2-2: Foul Ball, location: 2F
2-2: Ball
3-2: Base on Balls
Pitching: LHP Pepe Caro
Batting: RHB Tom Doherty 0-0: Called Strike
0-1: Ball
1-1: Grounds into double play, 5-4-3 (Groundball, 5)
Batting: RHB Buck Jones 0-0: Called Strike
0-1: Foul Ball, location: 2F
0-2: Ball
1-2: Ball
2-2: Foul Ball, location: 2F
2-2: Ball
3-2: Reached via error on a dropped throw, E3
Batting: LHB José Sánchez 0-0: Ground out 3-1 (Groundball, 34S)
Bottom of the 5th over - 0 run(s), 0 hit(s), 1 error(s), 1 left on base; Orlando 1 - Irvine 8
TOP OF THE 6TH
Orlando Calrissian batting - Pitching for Irvine Gang Green : RHP Jung Chwa
Batting: SHB Cristo Ontiveros 0-0: Ball
1-0: Ground out 4-3 (Groundball, 34)
Batting: RHB Rich Anderson 0-0: Ball
1-0: Called Strike
1-1: Foul Ball, location: 2F
1-2: Ball
2-2: Foul Ball, location: 2F
2-2: Fly out, F8 (Flyball, 8RXD)
Batting: SHB Tim Abbott 0-0: Ball
1-0: Ball
2-0: Ball
3-0: Called Strike
3-1: Foul Ball, location: 2F
3-2: Base on Balls
Batting: LHB Santiago Márquez 0-0: Ball
1-0: Ball
2-0: Ball
3-0: Base on Balls
Tim Abbott to second
Batting: RHB Frederico Hernández 0-0: Swinging Strike
0-1: Called Strike
0-2: Fly out, F5 (Line Drive, 5S)
Top of the 6th over - 0 run(s), 0 hit(s), 0 error(s), 2 left on base; Orlando 1 - Irvine 8
BOTTOM OF THE 6TH
Irvine Gang Green batting - Pitching for Orlando Calrissian : LHP Pepe Caro
Batting: RHB Eichiro Yamamoto 0-0: Foul Ball, location: 2F
0-1: Foul Ball, location: 2F
0-2: Ball
1-2: Fly out, F7 (Flyball, 78S)
Batting: LHB Víctor Quiñones 0-0: Ball
1-0: Ground out 4-3 (Groundball, 4M)
Batting: RHB José Salazar 0-0: Ball
1-0: Ball
2-0: Called Strike
2-1: Foul Ball, location: 2F
2-2: Ball
3-2: Foul Ball, location: 2F
3-2: SINGLE (Line Drive, 8LS)
Batting: LHB Jorge Martínez 0-0: Ball
1-0: Foul Ball, location: 2F
1-1: Swinging Strike
1-2: Strikes out looking
Bottom of the 6th over - 0 run(s), 1 hit(s), 0 error(s), 1 left on base; Orlando 1 - Irvine 8
TOP OF THE 7TH
Orlando Calrissian batting - Pitching for Irvine Gang Green : RHP Jung Chwa
Batting: RHB Júlio Negrón 0-0: SINGLE (Groundball, 34D)
Batting: SHB Brian Price 0-0: Called Strike
0-1: Foul Ball, location: 2F
0-2: Fielders Choice at 2nd, 5-4 (Groundball, 56)
Batting: RHB Jesús Gonzáles 0-0: Ball
1-0: Ball
2-0: Grounds into double play, 5-4-3 (Groundball, 5L)
Top of the 7th over - 0 run(s), 1 hit(s), 0 error(s), 0 left on base; Orlando 1 - Irvine 8
BOTTOM OF THE 7TH
Irvine Gang Green batting - Pitching for Orlando Calrissian : LHP Pepe Caro
Batting: RHB Aaron Wilson 0-0: Foul Ball, location: 2F
0-1: Foul Ball, location: 2F
0-2: Ball
1-2: Ball
2-2: Strikes out swinging
Batting: LHB Tony Tavárez 0-0: Ball
1-0: Ball
2-0: Ground out U3 (Groundball, 34)
Batting: RHB Tom Doherty 0-0: Ball
1-0: Ball
2-0: Ground out 6-3 (Groundball, 56)
Bottom of the 7th over - 0 run(s), 0 hit(s), 0 error(s), 0 left on base; Orlando 1 - Irvine 8
TOP OF THE 8TH
Orlando Calrissian batting - Pitching for Irvine Gang Green : RHP Jung Chwa
Pitching: RHP Joe Wilson
Batting: RHB José Pérez 0-0: Ball
1-0: Ball
2-0: Called Strike
2-1: Ball
3-1: Base on Balls
Batting: SHB Cristo Ontiveros 0-0: Ball
1-0: Ball
2-0: Foul Ball, location: 2F
2-1: Foul Ball, location: 2F
2-2: Ball
3-2: Fly out, F7 (Flyball, 7LM)
Batting: RHB Rich Anderson 0-0: Called Strike
0-1: Called Strike
0-2: Ball
1-2: Grounds into double play, 4-6-3 (Groundball, 4)
Top of the 8th over - 0 run(s), 0 hit(s), 0 error(s), 0 left on base; Orlando 1 - Irvine 8
BOTTOM OF THE 8TH
Irvine Gang Green batting - Pitching for Orlando Calrissian : LHP Pepe Caro
Batting: RHB Buck Jones 0-0: Ball
1-0: Foul Ball, location: 2F
1-1: Ball
2-1: Foul Ball, location: 2F
2-2: Ball
3-2: Base on Balls
Batting: LHB José Sánchez 0-0: Foul Ball, location: 2F
0-1: Ball
1-1: Foul Ball, location: 2F
1-2: Ball
2-2: Foul Ball, location: 2F
2-2: Ball
3-2: Foul Ball, location: 2F
3-2: Foul Ball, location: 2F
3-2: Fly out, F8 (Line Drive, 8RM)
Batting: RHB Eichiro Yamamoto 0-0: Ball
1-0: Ball
2-0: Called Strike
2-1: Called Strike
2-2: Ball
3-2: Base on Balls
Buck Jones to second
Pitching: RHP Will Huggins
Batting: LHB Víctor Quiñones 0-0: Ball
1-0: Ball
2-0: Called Strike
2-1: Ball
3-1: Fly out, F8 (Flyball, 8LXD)
Runner from 2nd tags up, SAFE at 3rd, no throw
Batting: RHB José Salazar 0-0: SINGLE (Line Drive, 8LS)
Buck Jones scores
Eichiro Yamamoto to second
Batting: LHB Jorge Martínez 0-0: Called Strike
0-1: Ball
1-1: Swinging Strike
1-2: Ball
2-2: Ball
3-2: Foul Ball, location: 2F
3-2: Base on Balls
Eichiro Yamamoto to third
José Salazar to second
Batting: RHB Aaron Wilson 0-0: Fly out, F9 (Flyball, 9)
Bottom of the 8th over - 1 run(s), 1 hit(s), 0 error(s), 3 left on base; Orlando 1 - Irvine 9
TOP OF THE 9TH
Orlando Calrissian batting - Pitching for Irvine Gang Green : RHP Joe Wilson
Now in LF: Tom Baker
Batting: SHB Tim Abbott 0-0: Foul Ball, location: 2F
0-1: SINGLE (Groundball, 34D)
Batting: LHB Santiago Márquez 0-0: Foul Ball, location: 2F
0-1: Ball
1-1: Foul Ball, location: 2F
1-2: SINGLE (Line Drive, 9S)
Tim Abbott to second
Runner from 2nd tries for 3rd, SAFE, throw made to third
Batting: RHB Frederico Hernández 0-0: Ball
1-0: Called Strike
1-1: Foul Ball, location: 2F
1-2: Ball
2-2: Ball
3-2: Fly out, F6 (Line Drive, 6MD)
Batting: RHB Júlio Negrón 0-0: Swinging Strike
0-1: Ball
1-1: Grounds into double play, 4-6-3 (Groundball, 4)
Top of the 9th over - 0 run(s), 2 hit(s), 0 error(s), 1 left on base; Orlando 1 - Irvine 9
Tuesday, August 8th, 2017 - OOTP Baseball 17.12 Build 75